 Dungeon Crawl Stone Soup version 0.30-a0-374-g95c0257040 (webtiles) character file.

Game seed: 8278648932593503113

34 oldriver the Grave Robber (level 3, -1/27 HPs)
             Began as a Mummy Necromancer on Nov 25, 2022.
             Slain by a gnoll
             ... wielding a +0 flail
              (4 damage)
             ... on level 2 of the Dungeon.
             The game lasted 00:00:41 (829 turns).

oldriver the Grave Robber (Mummy Necromancer)        Turns: 829, Time: 00:00:41

Health: -1/27      AC:  2    Str: 11    XL:     3   Next: 14%
Magic:  5/8        EV: 12    Int: 16    God:
Gold:   24         SH:  0    Dex: 12    Spells: 8/9 levels left

rFire   x . .      SeeInvis .    (no weapon)
rCold   + . .      Faith    +    (no shield)
rNeg    + + +      Spirit   .    a - +0 robe
rPois   ∞          Reflect  .    (no helmet)
rElec   .          Harm     .    (no cloak)
rCorr   .          Rampage  .    (no gloves)
Will    .....                    (no boots)
Stlth   ++........               (no amulet)
HPRegen 0.24/turn                (no ring)
MPRegen 0.11/turn                (no ring)

@: no status effects
A: cold resistance 1, negative energy resistance 3, torment resistance 2, heat
vulnerability 1, in touch with death 1, no potions, faith
a: no special abilities


You were on level 2 of the Dungeon.
You visited 1 branch of the dungeon, and saw 2 of its levels.

You collected 24 gold pieces.

Inventory:

Armour
 a - a +0 robe (worn)
Jewellery
 b - a +4 ring of evasion
Scrolls
 c - a scroll of enchant weapon {unknown}
 d - 2 scrolls of identify {unknown}
 e - a scroll of summoning {unknown}
 f - 2 scrolls of poison {unknown}
 g - a scroll of brand weapon {unknown}
 h - a scroll of acquirement {unknown}


   Skills:
 + Level 1.9 Fighting
 - Level 1.5 Dodging
 - Level 1.5 Stealth
 + Level 3.7 Spellcasting
 - Level 4.0 Necromancy


You had 8 spell levels left.
You knew the following spells:

 Your Spells              Type           Power      Damage    Failure   Level
a - Necrotise             Necr           92%        1d8       3%          1

Your spell library contained the following spells:

 Spells                   Type           Power      Damage    Failure   Level
 Vampiric Draining        Necr           23%        2d7       10%         3
 Animate Dead             Necr           23%        N/A       32%         4
 Agony                    Necr           23%        N/A       67%         5


Dungeon Overview and Level Annotations

Branches:
Dungeon (2/15)

Altars:


Innate Abilities, Weirdness & Mutations

You are immune to poison.
Your flesh is cold resistant. (rC+)
You are immune to negative energy. (rN+++)
You are immune to unholy pain and torment.
You are vulnerable to heat. (rF-)
You are in touch with the powers of death.
You do not drink.
You have a special connection with the divine. (Faith)


Message History

The gnoll attacks as you move away! The gnoll hits you with a +0 club.
The gnoll attacks as you move away! The gnoll barely misses you.
The gnoll attacks as you move away! The gnoll closely misses you.
There is a stone staircase leading up here.
You climb upwards.
There is a stone staircase leading down here.
The gnoll writhes in agony.
The gnoll barely misses you.
The gnoll writhes in agony.
The gnoll hits you with a +0 club.
The gnoll writhes in agony.
You kill the gnoll!
The dead are walking!
You have reached level 3!
Your experience leads to an increase in your attributes!
Increase (S)trength, (I)ntelligence, or (D)exterity?
You feel clever. x2
You feel more in touch with the powers of death.
You start resting.
Your gnoll skeleton crumbles into dust!
HP restored.
You start resting.
Magic restored.
You climb downwards.
The gnoll hits you with a +0 flail. The gnoll misses you.
There is a stone staircase leading up here.
You feel a surge of power!
The gnoll writhes in agony.
The gnoll hits you with a +0 flail. The gnoll misses you.
You feel a surge of power!
The gnoll writhes in agony.
The gnoll hits you with a +0 flail! x2
* * * LOW HITPOINT WARNING * * *
You are too injured to fight recklessly!
You are too injured to fight recklessly!
You are too injured to fight recklessly!
You are too injured to fight recklessly!
Casting: Necrotise (safe; 3% risk of failure)
Confirm with . or Enter, or press ? or * to list all spells.
Aiming: Necrotise (safe; 3% risk of failure)
Press: ? - help, Shift-Dir - straight line, f/p - gnoll
Aim: a gnoll, wielding a +0 flail (heavily wounded, chance to affect: 87%)
You feel a surge of power!
The gnoll writhes in agony.
The gnoll barely misses you. The gnoll hits you with a +0 flail.
You die...

### #.#### #....#
#.##.#######
#.#@g.......
###.#g########
..#..........
#.###.####### #.#
#.######
#######.###......#
.................+
#######.###......#
#.# #.#......


You could see 2 gnolls.

Vanquished Creatures
  2 gnolls
  An adder (D:1)
  A ball python (D:1)
  2 goblins
  2 frilled lizards (D:1)
8 creatures vanquished.

Notes
Turn   | Place    | Note
-------+----------+-------------------------------------------
     0 | D:1      | oldriver the Mummy Necromancer began the quest for the Orb.
     0 | D:1      | Reached XP level 1. HP: 13/13 MP: 4/4
   623 | D:1      | Reached skill level 1 in Fighting
   623 | D:1      | Reached XP level 2. HP: 13/21 MP: 0/6
   778 | D:1      | Gained mutation: You are in touch with the powers of death.
                  | [Mummy growth]
   778 | D:1      | Reached XP level 3. HP: 18/27 MP: 2/8
   829 | D:2      | Slain by a gnoll

Illustrated notes

Levels and vault maps discovered:
D:1:      minmay_arrival_jagged, layout_rooms
D:2:      layout_basic, serial_bayou_lagoon_a

Skill      XL: |  1 |
---------------+----+-----
Fighting       | 1 |  1.9
Spellcasting   | 3 |  3.7
Dodging        | |  1.5
Stealth        | |  1.5
Necromancy     | |  4.0

Action                   || total
-------------------------++-------
Melee: Unarmed           ||    12
       Punch             ||     1
 Cast: Necrotise         ||    24
Armor: Robe              ||     6
Dodge: Dodged            ||    25

Table legend: (Time is in decaauts)
 A = Elapsed time spent in this place.
 B = Non-inter-level travel time spent in this place.
 C = Inter-level travel time spent in this place.
 D = Time resting spent in this place.
 E = Time spent auto-exploring this place.
 F = Levels seen in this place.
 G = Mean time per level.
                   A        B        C        D        E       F      G
               +--------+--------+--------+--------+--------+-----+--------+
         Total |    830 |    799 |     31 |    104 |    591 |   2 |  415.0 |
       Dungeon |    830 |    799 |     31 |    104 |    591 |   2 |  415.0 |
               +--------+--------+--------+--------+--------+-----+--------+

Top non-repeatable levels by time:
     D:1: 707 daAuts
     D:2: 123 daAuts
